 Dungeon Crawl Stone Soup version 0.17.1-3-g152610e (webtiles) character file.

4468 inmateoo the Gouger (level 10, -3/56 HPs)
             Began as a Felid Transmuter on Apr 4, 2016.
             Was a High Priest of Makhleb.
             Slain by a griffon (16 damage)
             ... on level 2 of the Lair of Beasts on Apr 5, 2016.
             The game lasted 00:44:25 (16575 turns).

inmateoo the Gouger (Felid Transmuter)             Turns: 16575, Time: 00:44:25

Health: -3/56      AC:  6    Str:  8    XL:     10   Next: 15%
Magic:  14/21      EV: 18    Int: 16    God:    Makhleb [*****.]
Gold:   265        SH:  0    Dex: 17    Spells: 7 memorised, 0 levels left
                                        Lives:  0   Deaths: 3

rFire  x . .     SeeInvis +       - Unarmed
rCold  + + +     Clarity  +     (armour unavailable)
rNeg   . . .     SustAt   .     (shield unavailable)
rPois  +         Gourm    .     (helmet unavailable)
rElec  .         Spirit   .     (cloak unavailable)
rCorr  .         Warding  .     (gloves unavailable)
rMut   +         Stasis   .     (boots unavailable)
MR     +....                    e - amulet of resist mutation
Stlth  ++++......               f - +2 ring of evasion
                                g - ring of stealth

@: ice-form, somewhat resistant to hostile enchantments, stealthy
A: no armour, no weapons or thrown items, (claws 0), (fangs 0), see invisible,
carnivore 3, clarity, (speed 0), (shaggy fur 0), slow metabolism 1, subdued
magic 1, (sharp paws)
a: End Transformation, Minor Destruction, Lesser Servant of Makhleb, Major
Destruction, Greater Servant of Makhleb, Renounce Religion


You were on level 2 of the Lair of Beasts.
You worshipped Makhleb.
Makhleb was extremely pleased with you.
You were not hungry.
You were a creature of crystalline ice.
You visited 3 branches of the dungeon, and saw 13 of its levels.
You also visited: Labyrinth.

You collected 870 gold pieces.
You spent 605 gold pieces at shops.

Inventory:

Missiles
 a - 109 arrows
 y - 11 arrows of flame
 B - 37 poisoned arrows
Jewellery
 e - an amulet of resist mutation (around neck)
 f - a +2 ring of evasion (right front paw)
 g - a ring of stealth (left front paw)
 m - an uncursed ring of wizardry
 x - an uncursed amulet of warding {unknown}
 z - an uncursed amulet of faith {unknown}
 C - an uncursed ring of poison resistance
 N - an uncursed ring of protection from fire {unknown}
Wands
 p - a wand of digging (13)
 w - a wand of fire (7)
 E - a wand of fire (10)
 H - a wand of polymorph (10)
 L - a wand of enslavement (11)
 M - a wand of fire (6)
Scrolls
 d - 4 scrolls of teleportation
 i - 2 scrolls of fog
 j - a scroll of magic mapping
 k - a scroll of remove curse
 t - a scroll of recharging
 u - a scroll of amnesia
 I - 2 scrolls of noise
Potions
 h - a potion of cancellation
 o - 3 potions of curing
 s - a potion of resistance
 v - 3 potions of lignification
 F - 3 potions of poison {unknown}
Books
 b - a book of Changes

   Spells                             Type                      Level
   a - Beastly Appendage              Transmutation                1
   b - Sticks to Snakes               Transmutation                2
   c - Spider Form                    Transmutation/Poison         3
   d - Ice Form                       Ice/Transmutation            4
   e - Blade Hands                    Transmutation                5
 l - a book of Beasts

   Spells                             Type                      Level
   a - Summon Butterflies             Summoning                    1
   b - Call Canine Familiar           Summoning                    3
   c - Summon Ice Beast               Ice/Summoning                4
   d - Summon Mana Viper              Hexes/Summoning              5
   e - Summon Hydra                   Summoning                    7
 q - a book of Minor Magic

   Spells                             Type                      Level
   a - Magic Dart                     Conjuration                  1
   b - Blink                          Translocation                2
   c - Call Imp                       Summoning                    2
   d - Repel Missiles                 Charms/Air                   2
   e - Slow                           Hexes                        2
   f - Conjure Flame                  Conjuration/Fire             3
   g - Mephitic Cloud                 Conjuration/Poison/Air       3
 r - a book of Battle

   Spells                             Type                      Level
   a - Infusion                       Charms                       1
   b - Shroud of Golubria             Charms/Translocation         2
   c - Song of Slaying                Charms                       2
   d - Spectral Weapon                Hexes/Charms                 3
   e - Regeneration                   Charms/Necromancy            3
 G - a book of Transfigurations

   Spells                             Type                      Level
   a - Stoneskin                      Transmutation/Earth          2
   b - Irradiate                      Conjuration/Transmutation    5
   c - Statue Form                    Transmutation/Earth          6
   d - Hydra Form                     Transmutation                6
   e - Dragon Form                    Transmutation                7
Miscellaneous
 D - an ornate deck of defence {drawn: 2}
Comestibles
 c - 7 meat rations
 n - 3 beef jerkies
 J - a royal jelly


   Skills:
 + Level 7.5 Fighting
 + Level 8.9 Dodging
 - Level 5.2 Stealth
 * Level 11.0 Unarmed Combat
 + Level 7.1 Spellcasting
 * Level 10.6 Transmutations
 - Level 3.1 Ice Magic
 * Level 4.7 Earth Magic


You couldn't memorise any spells.
You knew the following spells:

 Your Spells              Type           Power        Failure   Level  Hunger
a - Beastly Appendage     Trmt           ####..       1%          1    None
b - Sticks to Snakes      Trmt           ####......   1%          2    None
c - Spider Form           Trmt/Pois      ###.......   1%          3    ##.....
d - Ice Form              Ice/Trmt       ###.....     4%          4    ####...
e - Blade Hands           Trmt           ####......   2%          5    #####..
f - Statue Form           Trmt/Erth      ###......    65%         6    #######
g - Stoneskin             Trmt/Erth      ###.....     1%          2    None


Dungeon Overview and Level Annotations

Branches:
Dungeon (10/15)            Temple (1/1) D:4            Lair (2/8) D:9
    Orc: D:9-12

Altars:
Ashenzari
Cheibriados
Elyvilon
Fedhas
Gozag
Kikubaaqudgha
Makhleb
Nemelex Xobeh
Okawaru
Qazlal
Ru
Sif Muna
Trog
Xom
Yredelemnul
Zin
The Shining One
Beogh

Shops:
D:5 :*   D:7 :

Annotations:
D:3 Grinder
D:6 exclusion: oklob plant
D:10 Shufflesack's ghost, novice DrAE
Lair:1 Nergalle


Innate Abilities, Weirdness & Mutations

You cannot wear armour.
You are incapable of wielding weapons or throwing items.
((You have sharp claws.))
((You have razor-sharp teeth.))
You have supernaturally acute eyesight.
You are carnivorous and can eat meat at any time.
((You cover ground quickly.))
((You are covered in thick fur (AC +2).))
You have a slow metabolism.
((Your sharp claws are effective at attacking unaware monsters.))
You possess an exceptional clarity of mind.
Your spells are a little easier to cast, but a little less powerful.


Message History

The crocodile bites you!
* * * LOW HITPOINT WARNING * * *
Your adder bites the crocodile.
The crocodile looks even sicker.
Your adder poisons the crocodile!
You closely miss the crocodile.
The crocodile is heavily wounded.
Your adder bites the crocodile.
Your ball python closely misses the crocodile.
Your adder closely misses the crocodile.
Unknown command.
Read which item? (? for menu, Esc to quit)
Okay, then.
Drink which item? (? for menu, Esc to quit)
You feel better. The wolf bites you.
* * * LOW HITPOINT WARNING * * *
Your adder barely misses the crocodile.
The wolf bites you.
* * * LOW HITPOINT WARNING * * *
Your ball python bites the crocodile but does no damage.
The griffon bites you!
You die...

..#.......P...<......#.
..##..................#.
..##....................
..P#......#...$.........
..........).............
.....................#
...!....P.[......SS..#
...............hHt...###
................YS....$.
...............P####.#..
.#P...#......#### #
....#.......##
......P?....#
........##.##
........#.##
...........##
%....#......#


You could see a griffon, a crocodile, a wolf, 2 friendly adders and a friendly
ball python.

Vanquished Creatures
  A minotaur (Lab)
  Sonja (D:10)
  An unseen horror (D:10)
  A black mamba (Lair:2)
  2 spiny frogs
  4 gargoyles (Lab)
  4 komodo dragons
  4 trolls
  A wyvern (D:7)
  A wraith (D:10)
  A trapdoor spider (Lab)
  21 yaks
  2 shadows (Lab)
  4 hungry ghosts (Lab)
  Grum (Lair:1)
  15 wolves
  A hippogriff (D:8)
  3 basilisks
  Menkaure (D:7)
  3 water moccasins
  8 porcupines
  4 orc warriors
  A necrophage (D:9)
  6 crocodiles
  4 ogres
  2 ice beasts (D:8)
  5 centaurs
  7 giant frogs
  2 scorpions (D:9)
  A wyvern skeleton (D:10)
  A giant frog zombie (D:5)
  3 crimson imps
  A centaur zombie (D:10)
  6 jellies (D:6)
  A quasit (D:10)
  2 giant frog skeletons
  An orc priest (D:9)
  3 orc wizards (D:7)
  A centaur skeleton (D:9)
  A hound (D:9)
  7 iguanas
  A killer bee zombie (D:10)
  5 worker ants
  A hound zombie (D:6)
  A hound skeleton (D:4)
  8 adders
  2 gnolls (D:6)
  8 river rats
  A shadow imp (D:6)
  12 oozes (D:6)
  An adder zombie (D:9)
  2 adder skeletons (D:8)
  4 worms
  5 giant geckos
  37 orcs
  5 giant cockroaches
  8 goblins
  9 hobgoblins
  6 jackals
  9 kobolds
  3 quokkas
  2 ball pythons (D:3)
  5 bats
  A giant cockroach zombie (D:6)
  2 giant newts (D:2)
  A quokka skeleton (D:6)
  15 rats
293 creatures vanquished.

Vanquished Creatures (collateral kills)
  A centaur (D:9)
  A phantom (D:6)
  2 gnolls (D:6)
  2 adders (D:2)
  A worm (D:2)
  A ball python (D:2)
  A jackal (D:1)
  2 bats
11 creatures vanquished.

Vanquished Creatures (others)
  A bush (D:9)
  13 fungi
  5 plants (D:9)
19 creatures vanquished.

Grand Total: 323 creatures vanquished

Notes
Turn   | Place    | Note
--------------------------------------------------------------
     0 | D:1      | inmateoo the Felid Transmuter began the quest for the Orb.
     0 | D:1      | Reached XP level 1. HP: 9/9 MP: 4/4
   291 | D:1      | Reached XP level 2. HP: 10/12 MP: 6/6
   295 | D:1      | Learned a level 2 spell: Sticks to Snakes
  1369 | D:2      | Reached skill level 1 in Stealth
  1637 | D:2      | Found a basalt altar of Yredelemnul.
  1646 | D:2      | Reached XP level 3. HP: 15/15 MP: 5/7
  2702 | D:2      | Reached XP level 4. HP: 19/19 MP: 2/8
  3080 | D:3      | Noticed Grinder
  3490 | D:3      | Found a sparkling altar of Nemelex Xobeh.
  3570 | D:3      | Learned a level 3 spell: Spider Form
  3677 | D:3      | Found a glowing silver altar of Zin.
  3745 | D:3      | Gained mutation: Your spells are a little easier to cast, but a little less powerful. [potion of mutation]
  3745 | D:3      | Gained mutation: You possess an exceptional clarity of mind. [potion of mutation]
  3916 | D:4      | Found a staircase to the Ecumenical Temple.
  3925 | Temple   | Entered the Ecumenical Temple
  3938 | Temple   | Became a worshipper of Makhleb the Destroyer
  4177 | D:4      | Found an opulent altar of Gozag.
  4177 | D:4      | Found a deep blue altar of Sif Muna.
  4431 | D:4      | Reached XP level 5. HP: 19/22 MP: 3/9
  4880 | D:5      | Entered Level 5 of the Dungeon
  4910 | D:5      | Reached skill level 4 in Unarmed Combat
  5006 | D:5      | Found Luaphu's Book Shoppe.
  5076 | D:5      | Gained mutation: You are covered in thick fur (AC +2). [Felid growth]
  5076 | D:5      | Reached XP level 6. HP: 25/27 MP: 6/11
  5082 | D:5      | Learned a level 4 spell: Ice Form
  5216 | D:5      | Found a snail-covered altar of Cheibriados.
  5458 | D:5      | Found Komyman's General Store.
  5740 | D:6      | Reached * piety under Makhleb
  5900 | D:6      | Reached skill level 1 in Ice Magic
  6147 | D:6      | Noticed an oklob plant
  6217 | D:6      | Reached XP level 7. HP: 29/31 MP: 10/12
  6227 | D:6      | Reached skill level 5 in Unarmed Combat
  6871 | D:6      | Reached ** piety under Makhleb
  7244 | D:7      | Reached XP level 8. HP: 36/36 MP: 14/14
  7279 | D:7      | Noticed a wyvern
  7320 | D:7      | HP: 1/36 [wyvern (15)]
  7325 | D:7      | Killed a wyvern
  7325 | D:7      | Reached skill level 6 in Unarmed Combat
  7549 | D:7      | Noticed Menkaure
  7561 | D:7      | Killed Menkaure
  7673 | D:7      | Found Keos's Book Boutique.
  8028 | D:7      | Found a sacrificial altar of Ru.
  8229 | D:8      | Learned a level 5 spell: Blade Hands
  8239 | D:8      | Found a stormy altar of Qazlal.
  8367 | D:8      | Noticed a troll
  8370 | D:8      | Reached skill level 5 in Transmutations
  8379 | D:8      | HP: 1/36 [troll (2)]
  8779 | D:8      | Killed a troll
  8779 | D:8      | Reached skill level 7 in Unarmed Combat
  8965 | D:8      | Reached *** piety under Makhleb
  9073 | D:8      | Reached XP level 9. HP: 31/39 MP: 11/16
  9486 | D:9      | Found a staircase to the Lair.
  9527 | D:9      | Reached skill level 5 in Fighting
  9527 | D:9      | Reached skill level 5 in Dodging
 10275 | D:9      | Reached skill level 8 in Unarmed Combat
 10507 | D:9      | HP: 2/40 [poisoned by a centaur]
 10651 | D:9      | Reached skill level 5 in Spellcasting
 10859 | D:9      | Found a roughly hewn altar of Beogh.
 10951 | D:9      | Reached **** piety under Makhleb
 11070 | D:9      | Found a deep blue altar of Sif Muna.
 11077 | D:9      | Reached XP level 10. HP: 45/45 MP: 13/18
 11152 | D:9      | Reached skill level 9 in Unarmed Combat
 11656 | D:10     | Entered Level 10 of the Dungeon
 11754 | D:10     | Noticed an unseen horror
 11754 | D:10     | Noticed Shufflesack's ghost (novice DrAE)
 11804 | D:10     | Slain by a troll
 11805 | D:10     | Reached XP level 9. HP: -4/41 MP: 13/18
 12097 | D:10     | Noticed an unseen horror
 12100 | D:10     | Killed an unseen horror
 12100 | D:10     | Reached XP level 10. HP: 46/46 MP: 20/20
 12157 | D:10     | Noticed Sonja
 12169 | D:10     | Killed Sonja
 12169 | D:10     | Reached skill level 5 in Stealth
 12654 | D:5      | Bought a book of Transfigurations for 605 gold pieces
 12662 | D:5      | Learned a level 6 spell: Statue Form
 12792 | Lair:1   | Entered Level 1 of the Lair of Beasts
 12815 | Lair:1   | Found a labyrinth entrance.
 12825 | Lab      | Entered a labyrinth
 13067 | Lab      | Reached skill level 10 in Unarmed Combat
 13067 | Lab      | Reached skill level 1 in Earth Magic
 15406 | Lab      | Noticed a minotaur
 15415 | Lab      | Killed a minotaur
 15415 | Lab      | Reached XP level 11. HP: 13/49 MP: 15/21
 15538 | Lair:1   | Noticed Nergalle
 15603 | Lair:1   | Reached ***** piety under Makhleb
 15782 | Lair:1   | Reached skill level 10 in Transmutations
 15935 | Lair:1   | Noticed Grum
 15968 | Lair:1   | Learned a level 2 spell: Stoneskin
 15984 | Lair:1   | Killed Grum
 16338 | Lair:2   | Noticed a cacodemon
 16341 | Lair:2   | Slain by a spiny frog
 16342 | Lair:2   | Reached XP level 10. HP: -3/70 MP: 19/21
 16444 | Lair:2   | Found a glowing silver altar of Zin.
 16474 | Lair:2   | Reached XP level 11. HP: 43/50 MP: 13/22
 16480 | Lair:2   | Reached skill level 11 in Unarmed Combat
 16555 | Lair:2   | Slain by a wolf
 16556 | Lair:2   | Reached XP level 10. HP: -2/47 MP: 19/21
 16575 | Lair:2   | Slain by a griffon

Action                   |  1- 3 |  4- 6 |  7- 9 | 10-12 || total
-------------------------+-------+-------+-------+-------++-------
Melee: Unarmed           |   114 |   181 |   298 |   296 ||   889
 Cast: Beastly Appendage |    15 |     6 |     1 |       ||    22
       Sticks to Snakes  |    10 |     3 |    40 |     6 ||    59
       Spider Form       |       |    13 |    13 |     1 ||    27
       Ice Form          |       |       |    14 |    16 ||    30
       Blade Hands       |       |       |     4 |    16 ||    20
       Stoneskin         |       |       |       |     1 ||     1
Invok: Greater Servant o |       |       |       |     1 ||     1
 Abil: End Transformatio |       |     2 |     1 |     3 ||     6
Evoke: Wand              |       |    12 |    10 |       ||    22
       Deck              |       |       |       |     2 ||     2
  Use: Scroll            |     3 |    15 |     6 |     6 ||    30
       Potion            |       |     1 |     1 |     8 ||    10
 Stab: Sleeping          |     6 |     4 |     8 |    21 ||    39
       Distracted        |     1 |     2 |     3 |     2 ||     8
  Eat: Chunk             |     9 |    10 |    25 |    22 ||    66
       Royal jelly       |       |       |       |     1 ||     1
